 Dungeon Crawl Stone Soup version 0.26-a0-1205-g4083c211ab (webtiles) character file.

Game seed: 18355867908665669448

26809 agentchuck the Destroyer (level 13, -1/98 HPs)
             Began as a Human Conjurer on Dec 29, 2020.
             Was a Believer of Kikubaaqudgha.
             Slain by a wolf (3 damage)
             ... while petrified by a basilisk
             ... on level 5 of the Lair of Beasts.
             The game lasted 01:09:35 (21380 turns).

agentchuck the Destroyer (Human Conjurer)          Turns: 21380, Time: 01:09:36

Health: -1/98      AC: 11    Str:  9    XL:     13   Next: 61%
Magic:  11/26      EV:  2    Int: 25    God:    Kikubaaqudgha [**....]
Gold:   1103       SH:  0    Dex: 16    Spells: 3/31 levels left

rFire    . . .     SeeInvis .   w - +10 whip of Twilight {speed, Dex+4}
rCold    + . .     Faith    .   P - +0 buckler
rNeg     + + +     Spirit   .   a - +0 acid dragon scales
rPois    ∞         Reflect  .   p - +2 hat {Int+3}
rElec    .         Harm     .   Q - scarf {+Inv}
rCorr    +         Rampage  .   u - +0 pair of gloves
Will     .....                  M - +1 pair of boots
Stlth    ++........             G - amulet of the acrobat
HPRegen  0.26/turn              E - +4 ring of evasion
MPRegen  0.20/turn              C - ring of protection from cold

@: petrified
A: no striking features
a: Renounce Religion, Evoke Invisibility, Receive Corpses


You were on level 5 of the Lair of Beasts.
You worshipped Kikubaaqudgha.
Kikubaaqudgha was pleased with you.
You visited 3 branches of the dungeon, and saw 17 of its levels.
You also visited: Ossuary and Gauntlet.

You collected 1201 gold pieces.
You spent 98 gold pieces at shops.


   Skills:
 + Level 8.1 Fighting
 + Level 3.1 Maces & Flails
 + Level 8.0 Dodging
 - Level 2.0 Stealth
 + Level 9.7 Spellcasting
 + Level 11.2 Conjurations
 - Level 6.6 Hexes
 + Level 6.2 Necromancy
 - Level 7.2 Translocations
 - Level 2.4 Evocations


You had 3 spell levels left.
You knew the following spells:

 Your Spells              Type           Power        Failure   Level
d - Dispel Undead         Necr           43%          11%         4
f - Fulminant Prism       Conj/Hex       27%          3%          4
k - Airstrike             Air            6%           80%         4
m - Iskenderun's Mystic   Conj/Tloc      55%          3%          4
n - Animate Skeleton      Necr           86%          1%          1
s - Searing Ray           Conj           100%         1%          2
v - Vampiric Draining     Necr           21%          3%          3
z - Magic Dart            Conj           100%         1%          1
X - Dazzling Flash        Conj/Hex       100%         1%          3
Y - Sublimation of Blood  Necr           21%          1%          2

Your spell library contained the following spells:

 Spells                   Type           Power        Failure   Level
 Pain                     Necr           100%         1%          1
 Shock                    Conj/Air       100%         1%          1
 Static Discharge         Conj/Air       40%          4%          3
 Summon Guardian Golem    Hex/Summ       28%          11%         3
 Summon Small Mammal      Summ           48%          14%         1
 Call Imp                 Summ           12%          22%         2
 Swiftness                Air            12%          22%         2
 Call Canine Familiar     Summ           12%          38%         3
 Agony                    Necr           43%          30%         5
 Lightning Bolt           Conj/Air       20%          36%         5
 Silence                  Hex/Air        14%          69%         5
 Borgnjor's Vile Clutch   Necr/Erth      13%          71%         5
 Summon Ice Beast         Ice/Summ       12%          80%         4
 Summon Lightning Spire   Summ/Air       12%          80%         4
 Death Channel            Necr           21%          86%         6
 Conjure Ball Lightning   Conj/Air       20%          91%         6
 Simulacrum               Ice/Necr       13%          99%         6
 Tornado                  Air            6%           100%        9

Inventory:

Hand Weapons
 w - the +10 whip of Twilight (weapon) {speed, Dex+4}
   (You found it on level 6 of the Dungeon)

   Attacks with this weapon are significantly faster.
   It affects your dexterity (+4).
Missiles
 k - 5 curare-tipped darts {=f}
 Y - a throwing net {=f}
Armour
 a - +0 acid dragon scales (worn)
 p - a +2 hat of intelligence (worn)
 u - a +0 pair of gloves (worn)
 M - a +1 pair of boots (worn)
 P - a +0 buckler (worn)
 Q - a scarf of invisibility (worn)
Jewellery
 c - an uncursed ring of ice
 q - the ring of Fukebb {+Fly rElec rC- Str+4 Dex+3}
   (You found it in a Gauntlet)

   [ring of flight]

   It affects your strength (+4).
   It affects your dexterity (+3).
   It makes you vulnerable to cold.
   It insulates you from electricity.
   It lets you fly.
 C - a ring of protection from cold (right hand)
 E - a +4 ring of evasion (left hand)
 G - an amulet of the acrobat (around neck)
 N - an uncursed ring of positive energy
 X - a +6 ring of dexterity
Wands
 v - a wand of paralysis (5)
 y - a wand of digging (2)
 z - a wand of iceblast (21)
 B - a wand of acid (25)
 I - a wand of polymorph (8)
Scrolls
 b - a scroll of fear
 e - 7 scrolls of teleportation {@r4}
 f - 4 scrolls of fog
 g - a scroll of magic mapping
 h - 5 scrolls of blinking
 o - 4 scrolls of amnesia
 r - 6 scrolls of identify {@r1}
 s - a scroll of summoning {unknown}
 J - 5 scrolls of immolation {!r}
 L - 4 scrolls of remove curse {@r2}
Potions
 d - 2 potions of might
 i - 4 potions of berserk rage {!q}
 j - 2 potions of heal wounds {@q2}
 l - 3 potions of ambrosia
 m - 3 potions of brilliance
 n - 5 potions of flight
 t - a potion of resistance
 x - 4 potions of cancellation
 A - 4 potions of haste {@q3}
 D - 8 potions of curing {@q1}
 H - 5 potions of lignification {!q}
 K - 2 potions of invisibility
 U - 2 potions of magic
Miscellaneous
 F - a box of beasts
 T - a phantom mirror (inert)
 V - a condenser vane (inert)

Dungeon Overview and Level Annotations

Branches:
Dungeon (11/15)            Temple (1/1) D:4            Lair (5/6) D:9
 Shoals (0/4) Lair:3       Spider (0/4) Lair:3          Orc (0/2) D:9
Ossuary (visited)         Gauntlet (visited)
  Slime: Lair:5-6

Altars:
Ashenzari
Cheibriados
Dithmenos
Elyvilon
Fedhas
Gozag
Hepliaklqana
Kikubaaqudgha
Makhleb
Nemelex Xobeh
Okawaru
Qazlal
Ru
Sif Muna
Trog
Uskayaw
Vehumet
Wu Jian
Xom
Yredelemnul
Zin
The Shining One

Shops:
D:9 !

Annotations:
D:10 Fannar
Lair:1 exclusion: hydra
Lair:4 1 runed translucent door, Nyzic's ghost, journeyman TrMo

......... .........
..l.....##
.........##
..........#
..........####
.......†..#..#
......†l†...P##
....#.h@l....P##
P..........#...#
.P.........#...##
................##
...............#.#
.................P#
..P......<......P##
.P..............##
................


You could see a komodo dragon, 2 basilisks and a wolf.


Message History

* * * LOW HITPOINT WARNING * * *
The wolf bites you but does no damage. The komodo dragon bites you!!
* * * LOW HITPOINT WARNING * * *
The wolf bites you.
* * * LOW HITPOINT WARNING * * *
The wolf bites you.
* * * LOW HITPOINT WARNING * * *
The komodo dragon bites you.
* * * LOW HITPOINT WARNING * * *
The wolf bites you but does no damage. The wolf bites you.
* * * LOW HITPOINT WARNING * * *
The komodo dragon bites you.
* * * LOW HITPOINT WARNING * * *
The basilisk gazes at you.
You easily resist.
The wolf bites you but does no damage. x2
The komodo dragon bites you but does no damage.
The wolf bites you but does no damage. The komodo dragon bites you!
* * * LOW HITPOINT WARNING * * *
The wolf barely misses you.
A basilisk comes into view.
The wolf bites you but does no damage. The komodo dragon bites you!
* * * LOW HITPOINT WARNING * * *
The basilisk bites you.
* * * LOW HITPOINT WARNING * * *
The wolf bites you but does no damage. The wolf bites you!
You die...
Kikubaaqudgha rasps: "You have failed me!
Welcome... oblivion!"

Skill      XL: |  1  2  3  4  5  6  7  8  9 10 11 12 13 |
---------------+----------------------------------------+-----
Spellcasting   | 3 4 5 6 7 8 9 |  9.7
Conjurations   | 5 6 7 9 10 11 | 11.2
Hexes          | 1 2 3 4 5 6 |  6.6
Fighting       | 1 3 4 6 7 8 |  8.1
Translocations | 1 3 4 5 6 7 |  7.2
Dodging        | 4 5 7 8 |  8.0
Evocations     | 1 2 |  2.4
Maces & Flails | 1 3 |  3.1
Necromancy     | 3 5 6 |  6.2
Stealth        | |  2.0

Action                   |  1- 3 |  4- 6 |  7- 9 | 10-12 | 13-15 || total
-------------------------+-------+-------+-------+-------+-------++-------
Melee: Dagger            |     3 |     9 |       |       |       ||    12
       Whip              |       |       |    39 |   186 |    66 ||   291
Throw: Dart              |       |       |     2 |     3 |     4 ||     9
 Cast: Magic Dart        |    43 |   140 |   138 |   163 |    37 ||   521
       Searing Ray       |     3 |     9 |    28 |    66 |    17 ||   123
       Fulminant Prism   |       |       |     2 |    64 |    22 ||    88
       Dazzling Flash    |       |       |     1 |     2 |     2 ||     5
       Iskenderun's Myst |       |       |       |    14 |     5 ||    19
       Animate Skeleton  |       |       |       |     1 |     9 ||    10
       Sublimation of Bl |       |       |       |     1 |     1 ||     2
Invok: Receive Corpses   |       |       |       |     1 |       ||     1
Evoke: Phantom mirror    |       |       |       |       |     1 ||     1
       Condenser vane    |       |       |       |       |     1 ||     1
  Use: Potion            |     2 |       |     1 |     5 |     1 ||     9
       Scroll            |       |     7 |    10 |    13 |     1 ||    31
 Stab: Distracted        |       |       |       |     1 |       ||     1
       Sleeping          |       |       |       |       |     1 ||     1
Armor: Robe              |    10 |     8 |     2 |    11 |       ||    31
       Leather armour    |       |       |     5 |    15 |       ||    20
       Acid dragon scale |       |       |       |    19 |    32 ||    51
Dodge: Dodged            |    29 |    34 |    59 |   260 |   121 ||   503
Block: Buckler           |       |       |       |    31 |     6 ||    37

Levels and vault maps discovered:
D:1:      ebering_hopf_link, layout_loops_corners
D:2:      minmay_angry_zag, layout_basic, lemuel_doored_altar,
          lemuel_round_altar, general_overflow_altar, minitemple,
          minmay_misc_feat_five, nicolae_qazlal_style_of_elements, uniq_terence,
          uniq_jessica
D:3:      layout_rooms, overflow_temple_1_default, fedhas_ov_isle_minmay
D:4:      layout_loops_cross, marbit_many_paths, minmay_temple_entry_statues,
          minmay_circle_x
D:5:      layout_cave_pools, grunt_decor_resistance, kennysheep_boxes
D:6:      layout_basic, serial_glass, glass_columns_a, glass_columns_a,
          glass_columns_c, glass_columns_b, glass_columns_a, glass_columns_a,
          enter_ossuary_5, xom_teletrap_fun
D:7:      layout_cave_pods, serial_column_ruins, column_ruins_open_tiny,
          column_ruins_grid_1, column_ruins_corridor_straight,
          column_ruins_columns_dead_end, column_ruins_grid_1,
          column_ruins_open_tiny, column_ruins_corridor_T, minmay_puff
D:8:      layout_rooms, nemelex_xobeh_ov_fountains_minmay,
          kennysheep_little_box, minmay_misc_feat_room
D:9:      layout_long_grid, nicolae_overflow_crystal_walls, erik_lair_island,
          zombieorc1_lemuel, serial_shops, shop, uniq_harold
D:10:     layout_loops_ring, minivault_25_ag, uniq_fannar
D:11:     layout_cave_pools, grunt_decor_arrowhead
Temple:   hc_temple_tempest_star
Lair:1:   statuecave_lemuel, layout_small_grid, dpeg_stationary_puzzle,
          lemuel_fruit_fields, uniq_maggie
Lair:2:   layout_long_grid, gauntlet_entry_generic, serial_bayou_shore_b
Lair:3:   layout_cave_pods, elwin_shoals_entry_rooms,
          spider_nest_entry_funnel_web
Lair:4:   layout_hall_layers, ebering_ghost_reflecting_pool, uniq_snorg
Lair:5:   layout_cave_shapes, slime_altar_2, lookout_lair_type,
          kennysheep_basilisk_garden, infiniplex_staircase_pool

Notes
Turn   | Place    | Note
-------+----------+-------------------------------------------
     0 | D:1      | agentchuck the Human Conjurer began the quest for the Orb.
     0 | D:1      | Reached XP level 1. HP: 13/13 MP: 3/3
   200 | D:1      | Reached XP level 2. HP: 19/19 MP: 3/5
   203 | D:1      | Learned a level 2 spell: Searing Ray
   762 | D:1      | Reached XP level 3. HP: 22/24 MP: 3/6
   942 | D:1      | You fall into a shaft and drop 1 floor!
   975 | D:2      | Noticed a water elemental
   997 | D:2      | Noticed Terence
  1419 | D:2      | Reached skill level 3 in Spellcasting
  1419 | D:2      | Reached XP level 4. HP: 30/30 MP: 3/8
  1515 | D:2      | Killed Terence
  1780 | D:2      | Reached skill level 5 in Conjurations
  1805 | D:2      | Reached XP level 5. HP: 35/35 MP: 1/10
  1958 | D:2      | Found a sacrificial altar of Ru.
  2160 | D:2      | Found a stormy altar of Qazlal.
  2181 | D:2      | Noticed Jessica
  2185 | D:2      | Killed Jessica
  2288 | D:2      | Found a stormy altar of Qazlal.
  2289 | D:2      | Noticed a fire elemental
  2339 | D:2      | Found a shimmering altar of Xom.
  2346 | D:2      | Found a radiant altar of Vehumet.
  2528 | D:2      | Noticed an air elemental
  2632 | D:2      | Reached XP level 6. HP: 41/41 MP: 5/11
  2808 | D:2      | Found a glowing golden altar of the Shining One.
  2816 | D:2      | Reached skill level 4 in Spellcasting
  3126 | D:1      | Learned a level 3 spell: Dazzling Flash
  3131 | D:1      | Learned a level 4 spell: Fulminant Prism
  3235 | D:3      | Found a blossoming altar of Fedhas.
  3239 | D:3      | Found a broken altar of Ashenzari.
  4116 | D:4      | Found an opulent altar of Gozag.
  4158 | D:4      | Reached skill level 6 in Conjurations
  4158 | D:4      | Reached skill level 1 in Hexes
  4397 | D:4      | Noticed a phantom
  4406 | D:4      | Killed a phantom
  4407 | D:4      | Reached XP level 7. HP: 23/46 MP: 3/14
  4712 | D:4      | Found a staircase to the Ecumenical Temple.
  4726 | D:4      | Reached skill level 5 in Spellcasting
  4736 | Temple   | Entered the Ecumenical Temple
  4969 | D:4      | Reached skill level 2 in Hexes
  5032 | D:4      | Reached XP level 8. HP: 52/52 MP: 6/16
  5216 | D:4      | Reached skill level 7 in Conjurations
  5445 | D:5      | Entered Level 5 of the Dungeon
  5745 | D:5      | Reached skill level 3 in Hexes
  5839 | D:5      | Learned a level 4 spell: Iskenderun's Mystic Blast
  5863 | D:5      | Reached skill level 6 in Spellcasting
  6715 | D:6      | Found a shimmering altar of Xom.
  6730 | D:6      | Got a crude whip
  6731 | D:6      | Identified the +10 whip of Twilight {speed, Dex+4} (You
                  | found it on level 6 of the Dungeon)
  6752 | D:6      | Found a sand-covered staircase.
  6756 | Ossuary  | Entered an ossuary
  7678 | D:6      | Reached skill level 1 in Fighting
  8010 | D:7      | Reached skill level 1 in Translocations
  8209 | D:7      | Got an encrusted leather armour
  8210 | D:7      | Identified the +2 leather armour "Biva" {-Cast +Inv rC+}
                  | (You found it on level 7 of the Dungeon)
  8294 | D:7      | Reached XP level 9. HP: 57/59 MP: 12/18
  8452 | D:7      | Reached skill level 8 in Conjurations
  8695 | D:7      | Reached skill level 3 in Dodging
  8758 | D:8      | Reached skill level 2 in Fighting
  8758 | D:8      | Reached skill level 2 in Translocations
  9015 | D:8      | Got a warped graven amulet
  9016 | D:8      | Identified the amulet "Nyriqag" {Faith +Blink} (You found
                  | it on level 8 of the Dungeon)
  9137 | D:8      | Found a sparkling altar of Nemelex Xobeh.
  9140 | D:8      | Noticed a two-headed ogre
  9221 | D:8      | Killed a two-headed ogre
  9222 | D:8      | Reached skill level 3 in Fighting
  9222 | D:8      | Reached skill level 4 in Dodging
  9222 | D:8      | Reached skill level 7 in Spellcasting
  9222 | D:8      | Reached skill level 9 in Conjurations
  9222 | D:8      | Reached skill level 3 in Translocations
  9222 | D:8      | Reached XP level 10. HP: 70/70 MP: 8/20
  9510 | D:8      | Found an iron altar of Okawaru.
  9699 | D:9      | Identified a +0 robe of the Archmagi
  9815 | D:9      | Found Suacasul's Distillery.
  9820 | D:9      | Bought a potion of brilliance for 56 gold pieces
  9848 | D:9      | Bought a potion of lignification for 42 gold pieces
  9906 | D:9      | Reached skill level 4 in Translocations
  9976 | D:9      | Noticed Harold
 10047 | D:9      | Reached skill level 4 in Fighting
 10569 | D:9      | Found a staircase to the Orcish Mines.
 10585 | D:9      | Reached skill level 10 in Conjurations
 10622 | D:9      | Reached skill level 5 in Dodging
 11036 | D:9      | Reached skill level 1 in Evocations
 11039 | D:9      | Reached skill level 1 in Maces & Flails
 11325 | D:9      | Reached XP level 11. HP: 78/78 MP: 13/22
 11335 | D:9      | Killed Harold
 11336 | D:9      | Reached skill level 5 in Fighting
 11336 | D:9      | Reached skill level 2 in Maces & Flails
 11336 | D:9      | Reached skill level 2 in Evocations
 11756 | D:9      | Found an ancient bone altar of Kikubaaqudgha.
 11757 | D:9      | Found a staircase to the Lair.
 11765 | D:9      | Became a worshipper of Kikubaaqudgha
 11918 | D:9      | Identified a potion of resistance
 12139 | D:10     | Entered Level 10 of the Dungeon
 12537 | D:10     | Paralysed by a hornet for 3 turns
 12688 | D:10     | Reached skill level 1 in Necromancy
 12845 | D:10     | Noticed a boulder beetle
 13062 | D:10     | Noticed Fannar
 13220 | D:10     | Killed a boulder beetle
 13221 | D:10     | Reached skill level 3 in Maces & Flails
 13221 | D:10     | Reached skill level 8 in Spellcasting
 13221 | D:10     | Reached skill level 11 in Conjurations
 13727 | D:11     | Reached skill level 2 in Necromancy
 13850 | D:11     | Reached * piety under Kikubaaqudgha
 13850 | D:11     | Identified Kikubaaqudgha's Incunabulum of Evil Secrets
                  | (Kikubaaqudgha gifted it to you on level 11 of the Dungeon)
 13850 | D:11     | Received a gift from Kikubaaqudgha
 13899 | D:11     | Learned a level 3 spell: Vampiric Draining
 13902 | D:11     | Learned a level 2 spell: Sublimation of Blood
 14031 | D:11     | Noticed a manticore
 14046 | D:11     | Killed a manticore
 14091 | D:11     | Noticed a green ugly thing
 14209 | D:11     | Noticed a two-headed ogre
 14214 | D:11     | Killed a two-headed ogre
 14290 | D:11     | Killed a green ugly thing
 14310 | D:11     | Reached skill level 6 in Fighting
 14310 | D:11     | Reached skill level 3 in Necromancy
 14799 | Lair:1   | Entered Level 1 of the Lair of Beasts
 14875 | Lair:1   | Reached skill level 4 in Hexes
 14875 | Lair:1   | Reached skill level 5 in Translocations
 14875 | Lair:1   | Reached XP level 12. HP: 87/88 MP: 16/24
 15204 | Lair:1   | Reached skill level 6 in Dodging
 15409 | Lair:1   | Noticed an eight-headed hydra
 15476 | Lair:1   | Noticed Maggie
 15487 | Lair:1   | Killed Maggie
 15629 | Lair:1   | Reached skill level 4 in Necromancy
 15835 | Lair:1   | Reached ** piety under Kikubaaqudgha
 16366 | Lair:2   | Noticed a boulder beetle
 16370 | Lair:2   | Reached skill level 5 in Hexes
 16477 | Lair:2   | Reached skill level 9 in Spellcasting
 16493 | Lair:2   | Reached skill level 6 in Translocations
 16641 | Lair:2   | Reached skill level 7 in Fighting
 16722 | Lair:2   | Found a gate leading to a gauntlet.
 16745 | Gauntlet | Entered a Gauntlet
 16745 | Gauntlet | Found a transporter.
 16748 | Gauntlet | Found a transporter.
 16748 | Gauntlet | Noticed a blizzard demon
 16749 | Gauntlet | Found a transporter.
 16750 | Gauntlet | Noticed a blizzard demon
 16753 | Gauntlet | Found a transporter.
 16818 | Gauntlet | Noticed a great orb of eyes
 16819 | Gauntlet | Found a transporter.
 16819 | Gauntlet | Found a transporter.
 16821 | Gauntlet | Noticed a wretched star
 16822 | Gauntlet | Found a transporter.
 16825 | Gauntlet | Found a transporter.
 16841 | Gauntlet | Noticed a dire elephant
 16842 | Gauntlet | Found a transporter.
 16861 | Gauntlet | Found a transporter.
 16863 | Gauntlet | Found a transporter.
 16865 | Gauntlet | Found a runed translucent gate.
 16865 | Gauntlet | Found a runed translucent gate.
 16865 | Gauntlet | Found a runed translucent gate.
 16871 | Gauntlet | Found a transporter.
 17102 | Gauntlet | Got a faintly glowing turquoise ring
 17312 | Gauntlet | Identified the ring of Fukebb {+Fly rElec rC- Str+4 Dex+3}
                  | (You found it in a Gauntlet)
 17315 | Gauntlet | Learned a level 1 spell: Animate Skeleton
 17347 | Gauntlet | Noticed a minotaur
 17803 | Lair:2   | Noticed a four-headed hydra
 17861 | Lair:2   | Reached skill level 5 in Necromancy
 17862 | Lair:2   | Killed a four-headed hydra
 17863 | Lair:2   | Reached skill level 7 in Dodging
 17992 | Lair:2   | Reached XP level 13. HP: 96/96 MP: 19/26
 18253 | Lair:2   | Killed a boulder beetle
 18953 | Lair:3   | Found a staircase to the Shoals.
 18978 | Lair:3   | Noticed a seven-headed hydra
 18986 | Lair:3   | Killed a seven-headed hydra
 18987 | Lair:3   | Reached skill level 6 in Hexes
 19641 | Lair:3   | Found a hole to the Spider Nest.
 20044 | Lair:4   | Reached skill level 7 in Translocations
 20192 | Lair:4   | Noticed Snorg
 20200 | Lair:4   | Reached skill level 6 in Necromancy
 20321 | Lair:4   | Killed Snorg
 20322 | Lair:4   | Reached skill level 8 in Fighting
 20491 | Lair:4   | Reached *** piety under Kikubaaqudgha
 20491 | Lair:4   | Identified Kikubaaqudgha's Tome of Dark Secrets
                  | (Kikubaaqudgha gifted it to you on level 4 of the Lair of
                  | Beasts)
 20491 | Lair:4   | Received a gift from Kikubaaqudgha
 20635 | Lair:4   | Learned a level 4 spell: Dispel Undead
 20656 | Lair:4   | Learned a level 4 spell: Airstrike
 20902 | Lair:4   | Reached skill level 8 in Dodging
 20956 | Lair:4   | Found a runed translucent door.
 20957 | Lair:4   | Noticed Nyzic's ghost (journeyman TrMo)
 21379 | Lair:5   | HP: 5/98 [komodo dragon (8)]
 21379 | Lair:5   | HP: 2/98 [basilisk (3)]
 21380 | Lair:5   | Slain by a wolf

Vanquished Creatures
  Snorg (Lair:4)
  2 boulder beetles
  2 hydras
  Harold (D:9)
  2 two-headed ogres
  A manticore (D:11)
  An ugly thing (D:11)
  3 black mambas
  5 cane toads
  A centaur skeleton (D:11)
  Maggie (Lair:1)
  6 komodo dragons
  A rime drake (Lair:4)
  2 trolls
  A merfolk (Lair:3)
  A jumping spider (Lair:3)
  A hornet (D:10)
  A polar bear (Lair:3)
  16 blink frogs
  2 redbacks (Lair:3)
  A wraith (D:11)
  A basilisk (Lair:5)
  2 wyverns
  2 shadows (D:9)
  10 yaks
  A vampire mosquito (D:10)
  10 water moccasins
  2 ice beasts
  3 orc warriors
  3 sky beasts
  6 phantoms
  A black bear (Lair:3)
  3 centaurs
  5 ogres
  21 wolves
  A big kobold (D:8)
  10 bullfrogs
  A gnoll sergeant (D:9)
  A small abomination (Gauntlet)
  A water moccasin zombie (D:8)
  A scorpion (D:10)
  A water moccasin skeleton (D:7)
  A wyvern skeleton (D:9)
  2 troll zombies (D:9)
  5 killer bees (D:8)
  16 wights
  6 howler monkeys
  4 electric eels
  3 jellies
  7 hounds
  An orc priest (D:9)
  6 orc wizards
  2 bullfrog skeletons (D:10)
  Jessica (D:2)
  A gnoll shaman (D:7)
  Terence (D:2)
  3 iguanas
  7 worker ants
  4 ogre zombies (D:9)
  8 mummies (Ossuary)
  2 hound skeletons
  11 gnolls
  A howler monkey skeleton (D:4)
  10 adders
  A shadow imp (D:8)
  3 white imps
  6 oozes
  An adder skeleton (D:4)
  An adder zombie (D:9)
  5 worms
  3 dart slugs
  4 leopard geckos
  21 orcs
  3 ball pythons
  3 giant cockroaches
  A gnoll zombie (Ossuary)
  14 goblins
  4 hobgoblins
  10 jackals
  8 kobolds
  4 quokkas
  5 bats
  9 frilled lizards
  3 goblin zombies (D:9)
  5 kobold zombies (Ossuary)
  3 orc skeletons (D:9)
  15 orc zombies
  8 rats
  A fulminant prism (D:10)
381 creatures vanquished.

Vanquished Creatures (collateral kills)
  2 blink frogs (Lair:4)
2 creatures vanquished.

Vanquished Creatures (others)
  A white imp (Gauntlet)
  A bush (Lair:1)
  86 fulminant prisms
  20 fungi
  14 plants
122 creatures vanquished.

Grand Total: 505 creatures vanquished

Table legend: (Time is in decaauts)
 A = Elapsed time spent in this place.
 B = Non-inter-level travel time spent in this place.
 C = Inter-level travel time spent in this place.
 D = Time resting spent in this place.
 E = Time spent auto-exploring this place.
 F = Levels seen in this place.
 G = Mean time per level.
                   A        B        C        D        E       F      G
               +--------+--------+--------+--------+--------+-----+--------+
         Total |  21313 |  20809 |    504 |   8076 |   8395 |  19 | 1121.7 |
       Dungeon |  13971 |  13585 |    386 |   5512 |   5484 |  11 | 1270.1 |
        Temple |    209 |    190 |     19 |      0 |    189 |   1 |  209.0 |
          Lair |   5922 |   5823 |     99 |   2050 |   2514 |   5 | 1184.4 |
       Ossuary |    614 |    614 |      0 |    338 |      0 |   1 |  614.0 |
      Gauntlet |    597 |    597 |      0 |    175 |    207 |   1 |  597.0 |
               +--------+--------+--------+--------+--------+-----+--------+

Top non-repeatable levels by time:
     D:2: 2168 daAuts
     D:9: 1840 daAuts
     D:8: 1747 daAuts
  Lair:1: 1710 daAuts
  Lair:4: 1540 daAuts
    D:10: 1476 daAuts
  Lair:2: 1406 daAuts
     D:4: 1374 daAuts
  Lair:3: 1218 daAuts
     D:1: 1112 daAuts
     D:5: 1006 daAuts
    D:11: 975 daAuts
     D:7: 830 daAuts
     D:6: 830 daAuts
 Ossuary: 614 daAuts

Table legend:
 A = Non-vault XP
 B = Vault XP
 C = Vault XP percentage of total XP
 D = Non-vault monster count
 E = Vault monster count
 F = Vault count percentage of total count
                 A         B        C        D         E       F
            +---------+---------+-------+---------+---------+-------
      Total |   31915 |    6384 |  16.7 |     300 |      82 |  21.5
            +---------+---------+-------+---------+---------+-------
        D:1 |      34 |       0 |   0.0 |      15 |       0 |   0.0
        D:2 |     159 |      96 |  37.6 |      36 |       7 |  16.3
        D:3 |      59 |       0 |   0.0 |      20 |       0 |   0.0
        D:4 |     560 |     317 |  36.1 |      14 |       5 |  26.3
        D:5 |     318 |       0 |   0.0 |       7 |       0 |   0.0
        D:6 |     187 |       0 |   0.0 |      15 |       0 |   0.0
        D:7 |     231 |     298 |  56.3 |       4 |       4 |  50.0
        D:8 |    2071 |     161 |   7.2 |      20 |       2 |   9.1
        D:9 |    2062 |    2366 |  53.4 |      46 |      34 |  42.5
       D:10 |    2016 |     263 |  11.5 |      16 |       4 |  20.0
       D:11 |    3799 |       0 |   0.0 |      24 |       0 |   0.0
     Lair:1 |    4636 |     499 |   9.7 |      21 |       3 |  12.5
     Lair:2 |    8026 |       0 |   0.0 |      27 |       0 |   0.0
     Lair:3 |    2857 |    1025 |  26.4 |      11 |       4 |  26.7
     Lair:4 |    4550 |     914 |  16.7 |      21 |       1 |   4.5
     Lair:5 |     350 |     205 |  36.9 |       3 |       1 |  25.0
    Ossuary |       0 |     162 | 100.0 |       0 |      16 | 100.0
   Gauntlet |       0 |      78 | 100.0 |       0 |       1 | 100.0
            +---------+---------+-------+---------+---------+-------
